 Dungeon Crawl Stone Soup version 0.31-a0-859-g9dce7d3444 (webtiles) character file.

Game seed: 11226761507969468829

110 Newt the Cudgeller (level 4, -5/43 HPs)
             Began as a Gargoyle Fighter on Oct 9, 2023.
             Slain by a gnoll
             ... wielding a +0 flail
              (10 damage)
             ... on level 2 of the Dungeon.
             The game lasted 00:01:39 (1587 turns).

Newt the Cudgeller (Gargoyle Fighter)               Turns: 1587, Time: 00:01:39

Health: -5/43      AC: 14    Str: 21    XL:     4   Next: 91%
Magic:  4/4        EV:  6    Int:  9    God:
Gold:   102        SH: 13    Dex:  9    Spells: 3/3 levels left

rFire   . . .        a - +0 flail
rCold   . . .        g - +2 tower shield
rNeg    + . .        b - +0 scale mail
rPois   ∞            j - +2 helmet
rElec   +            (no cloak)
rCorr   .            m - +0 pair of gloves
SInv    .            (no boots)
Will    .....        (no amulet) Stlth
                     (no ring)
HPRegen 0.27/turn    (no ring)
MPRegen 0.09/turn

%: no passive effects
@: berserking, very quick
A: sickness immunity, AC +3, negative energy resistance 1, electricity
resistance, torment resistance 1, petrification resistance
a: no special abilities


You were on level 2 of the Dungeon.
You visited 1 branch of the dungeon, and saw 2 of its levels.

You collected 102 gold pieces.

Inventory:

Hand Weapons
 a - a +0 flail (weapon)
Missiles
 f - 5 boomerangs
 h - 4 poisoned darts
 p - 5 datura-tipped darts
Armour
 b - a +0 scale mail (worn)
 c - a +0 buckler
 g - a +2 tower shield (worn)
 j - a +2 helmet (worn)
 m - a +0 pair of gloves (worn)
Jewellery
 i - a ring of ice
Scrolls
 l - a scroll of teleportation
 n - a scroll of revelation {unknown}
Potions
 d - a potion of might
 k - 2 potions of enlightenment
 o - a potion of heal wounds {unknown}


   Skills:
 - Level 4.0 Fighting
 * Level 4.4 Maces & Flails
 - Level 3.2 Armour
 - Level 3.2 Shields


You had 3 spell levels left.
You didn't know any spells.
Your spell library contained the following spells:

 Spells                   Type           Power      Damage    Failure   Level
 Necrotise                Necr           0%         1d4       100%        1
 Vampiric Draining        Necr           0%         2d6       100%        3
 Agony                    Necr           0%         N/A       100%        5


Dungeon Overview and Level Annotations

Branches:
Dungeon (2/15)

Altars:


Innate Abilities, Weirdness & Mutations

You are immune to sickness and miasma.
Your stone body is resilient. (AC +3)
You are immune to poison.
You resist negative energy. (rN+)
You are resistant to electric shocks. (rElec)
You are resistant to unholy torment.
You are immune to petrification.


Message History

The gnoll is severely wounded.
You block the gnoll's attack. The gnoll barely misses you.
You thump the gnoll!
You kill the gnoll!
You block the gnoll's attack. The gnoll closely misses you.
You block the gnoll's attack.
You hit the gnoll.
The gnoll is lightly wounded.
You block the gnoll's attack. The gnoll hits you with a +0 flail.
You barely miss the gnoll.
The gnoll is lightly wounded.
You block the gnoll's attack. x2; The gnoll hits you with a +0 club.
The gnoll hits you with a +0 flail. The gnoll barely misses you.
The gnoll hits you from afar with a +0 spear of venom.
You thump the gnoll!
The gnoll is almost dead.
The gnoll hits you but does no damage. x2; You block the gnoll's attack.
You hit the gnoll.
You kill the gnoll!
You block the gnoll's attack. The gnoll hits you with a +0 flail!
The gnoll hits you with a +0 flail.
* * * LOW HITPOINT WARNING * * *
You block the gnoll's attack.
You are too injured to fight recklessly!
You are too injured to fight recklessly!
You are too injured to fight recklessly!
You are too injured to fight recklessly!
Unknown command.
The gnoll attacks as it pursues you! The gnoll hits you with a +0 flail.
* * * LOW HITPOINT WARNING * * *
A red film seems to cover your vision as you go berserk!
You feel yourself moving faster!
You feel mighty! You block the gnoll's attack.
You closely miss the gnoll. You block the gnoll's attack. x2
You thump the gnoll!
The gnoll is severely wounded.
The gnoll hits you but does no damage. x2
You barely miss the gnoll.
The gnoll is severely wounded.
You block the gnoll's attack. The gnoll hits you with a +0 flail!
You die...

###### #.........$#
#....####### #..........#
..#........#####..........#
###.......... ............#
###........# #.)).(....$#
...........# #.......<..#
...#.......# #g#############
####.......# #g# #.......#
####)......# #@# #.......#
.......?.<># #.# #.......#
######.....# #.# #.......#
.....#.....# #.# #.......#
.....#.##.## #.# #.......#
######†##..#####.# #.......#
...=##.###..##...#####.......#
≈≈~~≈#.# ##........).........#
≈~≈~≈#.# ##.......).........#


You could see 2 gnolls.

Vanquished Creatures
  2 gnolls (D:2)
  4 adders (D:2)
  A worm (D:2)
  A dart slug (D:2)
  6 ball pythons
  8 endoplasms
  A goblin (D:1)
  A hobgoblin (D:1)
  6 jackals (D:2)
  A quokka (D:1)
  3 bats
  4 frilled lizards
  9 kobolds
  5 rats
52 creatures vanquished.

Notes
Turn   | Place    | Note
-------+----------+-------------------------------------------
     0 | D:1      | Newt the Gargoyle Fighter began the quest for the Orb.
     0 | D:1      | Reached XP level 1. HP: 14/14 MP: 1/1
   223 | D:1      | Reached XP level 2. HP: 20/20 MP: 2/2
   910 | D:2      | Reached XP level 3. HP: 13/24 MP: 3/3
  1212 | D:2      | Reached XP level 4. HP: 29/29 MP: 4/4
  1587 | D:2      | Slain by a gnoll

Illustrated notes

Levels and vault maps discovered:
D:1:      dpeg_arrival_boxorama, layout_basic, solitary_fountain
D:2:      wad_river_or_something, layout_rooms

Skill      XL: |  1  2  3  4 |
---------------+-------------+-----
Fighting       | 4 |  4.0
Maces & Flails | 3 4 |  4.4
Armour         | |  3.2
Shields        | |  3.2

Action                     |  1- 3 |  4- 6 || total
---------------------------+-------+-------++-------
  Melee: Flail             |   103 |    65 ||   168
    Use: Scroll            |     8 |       ||     8
         Potion            |       |     1 ||     1
 Armour: Scale mail        |    84 |    61 ||   145
  Dodge: Dodged            |    60 |    24 ||    84
  Block: Buckler           |    22 |     4 ||    26
         Tower shield      |       |    71 ||    71

Table legend: (Time is in decaauts)
 A = Elapsed time spent in this place.
 B = Non-inter-level travel time spent in this place.
 C = Inter-level travel time spent in this place.
 D = Time resting spent in this place.
 E = Time spent auto-exploring this place.
 F = Levels seen in this place.
 G = Mean time per level.
                   A        B        C        D        E       F      G
               +--------+--------+--------+--------+--------+-----+--------+
         Total |   1650 |   1635 |     15 |    176 |   1034 |   2 |  825.0 |
       Dungeon |   1650 |   1635 |     15 |    176 |   1034 |   2 |  825.0 |
               +--------+--------+--------+--------+--------+-----+--------+

Top non-repeatable levels by time:
     D:1: 906 daAuts
     D:2: 743 daAuts
